AoeStats
← Prenzel03049

Arabia

510109544Analyzed
2v2 RM · 4d ago on Sep 29, 2026· 50m 21s· 4 players
Game mode
Random Map
Map size
Medium (4 player)
Population
200
Speed
Normal
Resources
Standard
Victory
Conquest
Starting age
Dark Age
Ending age
Imperial Age
RankedLock teamsTeams togetherTeam positionsShared explorationLock speedFull tech treeHidden civsTurbo modeCheats
Victory
Defeat
🇦🇷 Maya · Argentina
1156
+17
🇦🇷 Slavs · Argentina
1139
+17
🇩🇪 Mongols · Germany
1195
-18
🇲🇽 Britons · Mexico
1146
-16
Grischuk
0:41 Loom
9:56 Feudal Age
10:25 Double-Bit Axe
11:09 Gold Mining
12:13 Fletching
14:30 Padded Archer Armor
14:55 Town Watch
21:11 Castle Age
19:27 Scale Mail Armor
20:01 Stone Mining
20:27 Horse Collar
21:27 Wheelbarrow
21:39 Crossbowman
23:03 Bow Saw
22:55 Heavy Plow
23:04 Squires
26:39 Bodkin Arrow
27:50 Forging
28:17 Ballistics
27:54 Eagle Warrior
29:14 Thumb Ring
31:44 Leather Archer Armor
31:29 Arson
33:17 Chain Mail Armor
33:38 Iron Casting
33:50 Stone Shaft Mining
33:08 Pikeman
37:21 Imperial Age
36:08 Hand Cart
37:02 Hul'che Javelineers
38:33 Holcans
38:40 Plate Mail Armor
39:12 Blast Furnace
39:33 Two-Man Saw
38:33 Elite Eagle Warrior
39:18 Arbalester
40:35 Conscription
40:51 Hoardings
39:44 Elite Skirmisher
41:43 Chemistry
43:27 Herbal Medicine
47:48 Masonry
49:02 Capped Ram
50:18 Man-at-Arms
SamsungA10
5:56 Loom
8:43 Feudal Age
9:36 Double-Bit Axe
12:23 Forging
22:26 Castle Age
21:01 Scale Barding Armor
21:13 Bloodlines
21:33 Horse Collar
21:48 Gold Mining
24:15 Husbandry
26:12 Iron Casting
32:38 Wheelbarrow
33:20 Chain Barding Armor
38:47 Bow Saw
43:30 Imperial Age
43:53 Cavalier
45:44 Plate Barding Armor
Prenzel03049
1:56 Loom
9:36 Feudal Age
11:46 Bloodlines
20:54 Castle Age
20:03 Scale Barding Armor
20:09 Forging
19:57 Double-Bit Axe
21:09 Gold Mining
21:53 Husbandry
23:22 Horse Collar
24:07 Heavy Plow
26:43 Chain Barding Armor
29:17 Iron Casting
29:55 Town Watch
30:50 Wheelbarrow
32:03 Gold Shaft Mining
31:46 Town Watch
33:27 Stone Mining
33:55 Fletching
34:40 Bodkin Arrow
37:03 Padded Archer Armor
37:47 Stone Shaft Mining
41:18 Imperial Age
38:22 Pikeman
39:04 Squires
40:00 Ballistics
40:45 Scale Mail Armor
41:02 Leather Archer Armor
41:16 Hand Cart
41:26 Arson
42:34 Conscription
43:14 Bow Saw
44:07 Blast Furnace
43:23 Chain Mail Armor
42:48 Heavy Scorpion
44:39 Elite Mangudai
45:41 Heavy Camel Rider
48:10 Drill
47:37 Capped Ram
Cid Hitokiri
12:13 Feudal Age
16:40 Castle Age
14:57 Double-Bit Axe
15:40 Gold Mining
16:38 Fletching
18:22 Bodkin Arrow
23:25 Ballistics
25:55 Padded Archer Armor
26:25 Fervor
30:08 Bow Saw
29:39 Horse Collar
30:41 Wheelbarrow
35:54 Imperial Age
33:12 Loom
34:39 Town Watch
35:13 Leather Archer Armor
35:10 Murder Holes
35:45 Yeomen
35:40 Masonry
35:13 Treadmill Crane
36:14 Scale Mail Armor
36:18 Squires
36:05 Gambesons
36:07 Arson
36:55 Conscription
36:48 Bracer
37:57 Chemistry
38:20 Warwolf
39:57 Elite Longbowman
41:14 Hoardings
41:54 Man-at-Arms
42:46 Forging
42:37 Scale Mail Armor
42:38 Long Swordsman
43:27 Two-Handed Swordsman
45:21 Architecture
Connection lost

Rejoining the realm…

Still unreachable

The connection could not be restored.

Session expired

The server has moved on; the page needs a fresh start.